 Dungeon Crawl Stone Soup version 0.30.0-15-g856e2d3f33 (webtiles) character file.

Game seed: 9605085838840942996

9 SnakkuSnakku7 the Vexing (level 2, 0/24 HPs)
             Began as a Ghoul Hexslinger on May 20, 2023.
             Constricted to death by a ball python (1 damage)
             ... on level 1 of the Dungeon.
             The game lasted 00:00:26 (111 turns).

SnakkuSnakku7 the Vexing (Ghoul Hexslinger)          Turns: 111, Time: 00:00:26

Health: 0/24       AC:  2    Str: 13    XL:     2   Next: 16%
Magic:  2/2        EV:  9    Int:  8    God:
Gold:   14         SH:  5    Dex:  9    Spells: 2/3 levels left

rFire   . . .        a - +1 sling
rCold   + . .        (no shield)
rNeg    + + +        c - +0 robe
rPois   ∞            (no helmet)
rElec   .            (no cloak)
rCorr   .            (no gloves)
SInv    .            (no boots)
Will    .....        f - amulet of reflection
Stlth   +            (no ring)
HPRegen 0.00/turn    (no ring)
MPRegen 0.08/turn

%: reflection
@: inhibited regen, constricted
A: claws 1, cold resistance 1, negative energy resistance 3, inhibited
regeneration, torment resistance 2, devour on kill
a: no special abilities


You were on level 1 of the Dungeon.
You visited 1 branch of the dungeon, and saw 1 of its levels.

You collected 14 gold pieces.

Inventory:

Hand Weapons
 a - a +1 sling (weapon)
Armour
 c - a +0 robe (worn)
Jewellery
 f - an amulet of reflection (around neck)
Scrolls
 b - a scroll of poison
Potions
 d - a potion of heal wounds {unknown}
 e - a potion of attraction {unknown}


   Skills:
 + Level 1.8 Fighting
 - Level 1.7 Ranged Weapons
 - Level 1.7 Dodging
 + Level 1.2 Unarmed Combat
 - Level 1.0 Spellcasting
 - Level 2.4 Hexes


You had 2 spell levels left.
You knew the following spells:

 Your Spells              Type           Power      Damage    Failure   Level
a - Slow                  Hex            16%        N/A       16%         1

Your spell library contained the following spells:

 Spells                   Type           Power      Damage    Failure   Level
 Inner Flame              Hex/Fire       2%         N/A       58%         3
 Portal Projectile        Hex/Tloc       4%         N/A       58%         3
 Cause Fear               Hex            2%         N/A       83%         4


Dungeon Overview and Level Annotations

Branches:
Dungeon (1/15)

Altars:


Innate Abilities, Weirdness & Mutations

You are immune to poison.
You have sharp fingernails.
Your flesh is cold resistant. (rC+)
You are immune to negative energy. (rN+++)
You do not regenerate when monsters are visible.
You are immune to unholy pain and torment.
You thrive by killing the living.


Message History

The jackal barely misses you. The rat closely misses you.
The jackal closely misses you.
You shoot a sling bullet. The sling bullet hits the jackal.
You kill the jackal!
You feel better. The rat bites you. You block the jackal's attack.
The rat misses you.
Your Unarmed Combat skill increases to level 1!
You have reached level 2!
You shoot a sling bullet.
The sling bullet completely misses the jackal.
The sling bullet hits the bat.
You kill the bat!
The jackal barely misses you. The rat barely misses you.
You shoot a sling bullet. The sling bullet hits the jackal.
You kill the jackal!
The rat barely misses you. The ball python barely misses you. x2
You shoot a sling bullet. The sling bullet hits the ball python.
The ball python is moderately wounded.
The ball python closely misses you. The ball python grabs you.
The ball python constricts you. The rat bites you. The ball python bites you.
The ball python constricts you.
You shoot a sling bullet.
The sling bullet closely misses the ball python.
The rat bites you. The ball python barely misses you.
The ball python constricts you. You block the rat's attack.
You shoot a sling bullet.
The sling bullet barely misses the ball python.
You block the ball python's attack. The ball python constricts you.
The rat bites you. The ball python bites you.
* * * LOW HITPOINT WARNING * * *
The ball python constricts you.
* * * LOW HITPOINT WARNING * * *
You shoot a sling bullet.
The sling bullet closely misses the ball python.
The rat bites you.
* * * LOW HITPOINT WARNING * * *
The ball python bites you.
* * * LOW HITPOINT WARNING * * *
The ball python constricts you.
You die...

.... #......# .....
#......# ....
#......# ...#
#......## ####>.####
##.....[.. .......J.
.........
###....r#####..?...J.
........@S...........
........#####........
...(....## #........
.........########....
...#####........# ...
.. ##(......# ## .
#........####
#...........#
#...........# #


You could see an endoplasm, a ball python and a rat.

Vanquished Creatures
  2 bats (D:1)
  A hobgoblin (D:1)
  2 jackals (D:1)
  A frilled lizard (D:1)
  2 kobolds (D:1)
8 creatures vanquished.

Notes
Turn   | Place    | Note
-------+----------+-------------------------------------------
     0 | D:1      | SnakkuSnakku7 the Ghoul Hexslinger began the quest for the
                  | Orb.
     0 | D:1      | Reached XP level 1. HP: 16/16 MP: 1/1
   106 | D:1      | Reached skill level 1 in Unarmed Combat
   106 | D:1      | Reached XP level 2. HP: 13/24 MP: 2/2
   111 | D:1      | HP: 1/24 [ball python (3)]
   111 | D:1      | Constricted to death by a ball python

Illustrated notes

Levels and vault maps discovered:
D:1:      dpeg_arrival_arbitrary_c, layout_basic

Skill      XL: |  1 |
---------------+----+-----
Unarmed Combat | 1 |  1.2
Fighting       | |  1.8
Ranged Weapons | |  1.7
Dodging        | |  1.7
Spellcasting   | |  1.0
Hexes          | |  2.4

Action                     || total
---------------------------++-------
   Fire: Sling             ||    37
 Armour: Robe              ||     6
  Dodge: Dodged            ||    32
  Block: Other             ||     5
